 Dungeon Crawl Stone Soup version 0.29-a0-275-g389c0b56f3 (webtiles) character file.

Game seed: 8478787622611854726

175 Morbidden the Digger (level 5, -17/46 HPs)
             Began as a Troll Earth Elementalist on Mar 10, 2022.
             Demolished by a sickly merfolk siren
             ... wielding a +0 spear
              (20 damage)
             ... in a sewer.
             The game lasted 00:03:00 (1537 turns).

Morbidden the Digger (Troll Earth Elementalist)     Turns: 1537, Time: 00:03:01

Health: -17/46     AC:  5    Str: 16    XL:     5   Next: 29%
Magic:  5/6        EV: 10    Int: 13    God:
Gold:   96         SH:  0    Dex: 10    Spells: 3/7 levels left

rFire   . . .      SeeInvis .     - Unarmed
rCold   . . .      Faith    .   (no shield)
rNeg    . . .      Spirit   .   b - +0 robe
rPois   .          Reflect  .   (helmet restricted)
rElec   .          Harm     .   i - +0 cloak
rCorr   .          Rampage  .   (gloves unavailable)
Will    .....                   (boots unavailable)
Stlth   +.........              (no amulet)
HPRegen 0.95/turn               (no ring)
MPRegen 0.10/turn               (no ring)

@: brilliant, flying
A: large, unfitting armour, claws 3, regeneration 1, shaggy fur 1, tough skin 1
a: no special abilities


You were in a sewer.
You visited 1 branch of the dungeon, and saw 3 of its levels.
You also visited: Sewer.

You collected 96 gold pieces.

Inventory:

Missiles
 a - 114 stones
 d - a throwing net
Armour
 b - a +0 robe (worn)
 i - a +0 cloak (worn)
Scrolls
 e - a scroll of fog
 g - a scroll of identify
Potions
 c - 2 potions of magic


   Skills:
 * Level 0.8 Fighting
 + Level 1.9 Dodging
 + Level 1.1 Stealth
 * Level 3.1 Unarmed Combat
 * Level 1.5 Spellcasting
 * Level 0.5 Conjurations
 + Level 1.0 Transmutations
 * Level 3.4 Earth Magic


You had 3 spell levels left.
You knew the following spells:

 Your Spells              Type           Power      Damage    Failure   Level
a - Sandblast             Erth           30%        2d9       6%          1
b - Stone Arrow           Conj/Erth      18%        3d8       34%         3

Your spell library contained the following spells:

 Spells                   Type           Power      Damage    Failure   Level
 Passwall                 Tmut/Erth      8%         N/A       16%         2
 Magic Dart               Conj           12%        1d3       22%         1
 Searing Ray              Conj           6%         2d4       32%         2
 Petrify                  Tmut/Erth      10%        N/A       71%         4
 Fulminant Prism          Conj/Hex       1%         3d6       94%         4


Dungeon Overview and Level Annotations

Branches:
Dungeon (3/15)              Sewer (1/1)

Altars:
Elyvilon

Annotations:
D:2 1 runed translucent door, Crazy Yiuf


Innate Abilities, Weirdness & Mutations

You are too large for most types of armour.
You have claws for hands.
Your natural rate of healing is unusually fast.
You are covered in fur. (AC +1)
You have tough skin. (AC +1)


Message History

You are too injured to fight recklessly!
You are too injured to fight recklessly!
You are too injured to fight recklessly!
Unknown command.
Okay, then.
Unknown command.
Unknown command.
You claw the quokka!
You kill the quokka!
The sickly merfolk siren hits you from afar with a +0 spear!
* * * LOW HITPOINT WARNING * * *
The rat bites you but does no damage.
Unknown command.
Unknown command.
Unknown command.
Aiming: Sandblast (safe; 6% risk of failure)
Press: ? - help, Q - select action, (/) - cycle Shift-Dir - straight line, f - sickly merfolk siren
Aim: a sickly merfolk siren, wielding a +0 spear (74% to hit)
The blast of sand hits the sickly merfolk siren!
The sickly merfolk siren is heavily wounded.
The sickly merfolk siren chants a haunting song.
You easily resist.
The rat closely misses you.
Unknown command.
Unknown command.
It was a potion of flight.
You feel very buoyant.
You fly up into the air.
The sickly merfolk siren barely misses you.
The rat barely misses you.
Unknown command.
Okay, then.
The rat attacks as you move away! The rat closely misses you.
The rat attacks as you move away! The rat closely misses you.
The sickly merfolk siren hits you from afar with a +0 spear.
* * * LOW HITPOINT WARNING * * *
It was a potion of brilliance.
You feel clever all of a sudden. The rat bites you but does no damage.
The sickly merfolk siren hits you from afar with a +0 spear!!
You die...

###≈≈≈.##
#∩∩≈≈≈≈..
######### ####
##########≈≈≈≈≈≈
#$$$
#≈≈≈≈≈≈≈†≈≈≈≈≈≈.
..≈
###≈≈≈############
####≈###≈≈≈#.#
#≈≈≈≈†m≈≈≈##†#
#≈≈≈≈≈rr@....#
#≈≈≈...#######
≈≈≈≈...## #≈...##
#####


You could see a sickly merfolk siren and 2 rats.

Vanquished Creatures
  An orc priest (D:3)
  4 gnolls (D:2)
  3 adders
  3 dart slugs (D:1)
  3 orcs (D:3)
  6 bats
  3 endoplasms
  5 giant cockroaches
  3 goblins
  6 hobgoblins
  6 jackals
  5 quokkas
  6 ball pythons
  2 frilled lizards
  4 kobolds
  11 rats
71 creatures vanquished.

Notes
Turn   | Place    | Note
-------+----------+-------------------------------------------
     0 | D:1      | Morbidden the Troll Earth Elementalist began the quest for
                  | the Orb.
     0 | D:1      | Reached XP level 1. HP: 16/16 MP: 1/1
   166 | D:1      | Reached XP level 2. HP: 22/24 MP: 3/3
   258 | D:1      | Reached skill level 1 in Unarmed Combat
   274 | D:1      | Reached skill level 1 in Transmutations
   274 | D:1      | Reached XP level 3. HP: 31/31 MP: 4/4
   479 | D:2      | Learned a level 3 spell: Stone Arrow
   597 | D:2      | Found a white marble altar of Elyvilon.
   676 | D:2      | Found a runed translucent door.
   677 | D:2      | Noticed Crazy Yiuf
  1080 | D:2      | Reached XP level 4. HP: 35/39 MP: 3/5
  1388 | D:3      | Reached XP level 5. HP: 46/46 MP: 6/6
  1433 | D:3      | Found a glowing drain.
  1453 | Sewer    | Entered a sewer
  1536 | Sewer    | HP: 2/46 [sickly merfolk siren/+0 spear (6)]
  1537 | Sewer    | Demolished by a sickly merfolk siren

Illustrated notes

Levels and vault maps discovered:
D:1:      minmay_arrival_open_corners, layout_rooms
D:2:      layout_basic, basic_altar, nrook_campfire, kennysheep_nondescript,
          uniq_crazy_yiuf_cottage
D:3:      layout_basic, shapermc_ecumenical_altar_mp_urbaneastern,
          gup_sewer_entry_glass
Sewer:    sewer_sea

Skill      XL: |  1  2  3  4  5 |
---------------+----------------+-----
Earth Magic    | 3 |  3.4
Unarmed Combat | 1 2 3 |  3.1
Transmutations | 1 |  1.0
Fighting       | |  0.8
Dodging        | |  1.9
Stealth        | |  1.1
Spellcasting   | |  1.5
Conjurations   | |  0.5

Action                   |  1- 3 |  4- 6 || total
-------------------------+-------+-------++-------
Melee: Unarmed           |   124 |    50 ||   174
       Punch             |       |     3 ||     3
 Cast: Sandblast         |     3 |     5 ||     8
  Use: Scroll            |       |     3 ||     3
       Potion            |       |     2 ||     2
 Stab: Sleeping          |     2 |     1 ||     3
Armor: Robe              |    62 |    15 ||    77
Dodge: Dodged            |    52 |    39 ||    91

Table legend: (Time is in decaauts)
 A = Elapsed time spent in this place.
 B = Non-inter-level travel time spent in this place.
 C = Inter-level travel time spent in this place.
 D = Time resting spent in this place.
 E = Time spent auto-exploring this place.
 F = Levels seen in this place.
 G = Mean time per level.
                   A        B        C        D        E       F      G
               +--------+--------+--------+--------+--------+-----+--------+
         Total |   1545 |   1483 |     62 |      0 |   1057 |   4 |  386.2 |
       Dungeon |   1451 |   1389 |     62 |      0 |   1022 |   3 |  483.7 |
         Sewer |     94 |     94 |      0 |      0 |     35 |   1 |   94.0 |
               +--------+--------+--------+--------+--------+-----+--------+

Top non-repeatable levels by time:
     D:2: 921 daAuts
     D:1: 460 daAuts
   Sewer: 94 daAuts
     D:3: 69 daAuts
